 Dungeon Crawl Stone Soup version 0.20.0-10-g0535bb4 (webtiles) character file.

176 TheGamingCockatoo the Skirmisher (level 5, -1/48 HPs)
             Began as a Minotaur Berserker on June 6, 2017.
             Was a Believer of Trog.
             Killed by nerve-wracking pain
             ... invoked by Grinder
              (9 damage)
             ... while paralysed by Grinder
             ... on level 3 of the Dungeon.
             The game lasted 00:14:02 (2461 turns).

TheGamingCockatoo the Skirmisher (MiBe)             Turns: 2461, Time: 00:14:03

Health: -1/48      AC:  9    Str: 22    XL:     5   Next: 30%
Magic:  4/4        EV:  2    Int:  4    God:    Trog [**....]
Gold:   202        SH:  0    Dex: 15    Spells: 4/4 levels left

rFire    . . .     SeeInvis .   a - +0 falchion
rCold    . . .     Gourm    .   (no shield)
rNeg     . . .     Faith    .   A - +0 chain mail
rPois    .         Spirit   .   (helmet restricted)
rElec    .         Reflect  .   (no cloak)
rCorr    .         Harm     .   (no gloves)
MR       .....                  (no boots)
Stlth    ..........             (no amulet)
Regen    0.2/turn               (no ring)
MPRegen  0.1/turn               (no ring)

@: paralysed, agile, berserk cooldown, hasted
A: retaliatory headbutt, horns 2
a: Berserk, Trog's Hand, Burn Spellbooks, Renounce Religion


You were on level 3 of the Dungeon.
You worshipped Trog.
Trog was pleased with you.
You were very hungry.

You visited 1 branch of the dungeon, and saw 3 of its levels.

You collected 202 gold pieces.

Inventory:

Hand Weapons
 a - a +0 falchion (weapon)
 h - a +0 flail
Missiles
 f - 30 arrows
 i - 89 stones (quivered)
Armour
 b - a +0 animal skin
 o - a +0 robe
 r - a +0 ring mail
 A - a +0 chain mail (worn)
Jewellery
 u - an uncursed ring of wizardry {unknown}
Wands
 y - a wand of random effects (17/48)
Scrolls
 k - a scroll of amnesia {unknown}
 m - 2 scrolls of identify {unknown}
 n - a scroll of fear {unknown}
 p - a scroll of immolation {unknown}
 q - a scroll of remove curse {unknown}
 s - 2 scrolls of teleportation {unknown}
 w - a scroll of random uselessness {unknown}
 z - a scroll of noise {unknown}
Potions
 g - a potion of agility
 t - a potion of degeneration {unknown}
 v - a potion of flight {unknown}
 x - a potion of lignification {unknown}
 B - a potion of might {unknown}
 C - a potion of heal wounds {unknown}
Comestibles
 c - 2 bread rations
 d - 3 royal jellies
 j - 2 meat rations
 l - 7 fruits


   Skills:
 + Level 5.2 Fighting
 + Level 5.2 Long Blades
 + Level 3.2 Armour
 + Level 2.6 Dodging
 + Level 0.8 Stealth


You had 4 spell levels left.
You didn't know any spells.

Dungeon Overview and Level Annotations

Branches:
Dungeon (3/15)

Altars:

Annotations:
D:3 Grinder


Innate Abilities, Weirdness & Mutations

You reflexively headbutt those who attack you in melee.
You have a pair of horns on your head.


Message History

* * * LOW HITPOINT WARNING * * *
You can move again.
You see here 3 chunks of flesh.
Unknown command.
Unknown command.
It was a potion of agility.
You feel agile all of a sudden.
It was a potion of haste.
You feel yourself speed up. Grinder gestures at you.
You barely resist. Grinder gestures at you. You resist with significant effort.
You see here 2 chunks of flesh.
Grinder blinks!
Grinder gestures at you.
You suddenly lose the ability to move!
You feel yourself speed up. Grinder gestures at you.
Pain shoots through your body!
You die...

#..## #.......... ##...##
#.#........ .....# #
#.######. # ##....# #.#.#
#. ...###..>#.######.#.#
#. ).......§....... ...#
###. #.###.5%#.#####
##.####... #.#.#.#%#.####
#........# #........@...#
#..####..# ##.#.#.#.####.#
#..# #..# ......†>..# #.#
#..# #^.# #..#.#.#.## #.#
#.†# #..# #.......!.# #)#
#..# #..# ...#.#.#.####.#
#..# #..#
.............####..####...
..##########........†...#
### #.####.........


You could see Grinder.

Vanquished Creatures
  Terence (D:2)
  Ijyb (D:3)
  Robin (D:2)
  3 adders (D:2)
  A gnoll (D:1)
  2 worms (D:3)
  5 dart slugs
  2 leopard geckos
  3 giant cockroaches
  4 hobgoblins (D:2)
  6 jackals
  7 kobolds
  A quokka (D:3)
  4 bats
  2 frilled lizards
  11 goblins
  8 rats
62 creatures vanquished.

Notes
Turn   | Place    | Note
-------+----------+-------------------------------------------
     0 | D:1      | TheGamingCockatoo the Minotaur Berserker began the quest for the Orb.
     0 | D:1      | Reached XP level 1. HP: 19/19 MP: 0/0
    65 | D:1      | Reached XP level 2. HP: 24/27 MP: 1/1
   834 | D:1      | Reached XP level 3. HP: 33/33 MP: 2/2
  1140 | D:2      | Noticed Robin
  1149 | D:2      | Killed Robin
  1167 | D:2      | Reached ** piety under Trog
  1215 | D:2      | Reached XP level 4. HP: 40/41 MP: 3/3
  1439 | D:2      | Noticed Terence
  1447 | D:2      | Killed Terence
  1447 | D:2      | Reached skill level 5 in Fighting
  2058 | D:3      | Noticed Ijyb
  2061 | D:3      | Reached skill level 5 in Long Blades
  2063 | D:3      | Killed Ijyb
  2063 | D:3      | Reached XP level 5. HP: 48/48 MP: 4/4
  2247 | D:3      | Found a faded altar of an unknown god.
  2405 | D:3      | Noticed Grinder
  2413 | D:3      | Paralysed by Grinder for 7 turns
  2437 | D:3      | Paralysed by something for 3 turns
  2449 | D:3      | Paralysed by something for 5 turns
  2459 | D:3      | Paralysed by Grinder for 3 turns
  2461 | D:3      | Killed from afar by Grinder

Skill      XL: |  1  2  3  4  5 |
---------------+----------------+-----
Long Blades    | 4 5 |  5.2
Fighting       | 4 5 |  5.2
Armour         | 3 |  3.2
Dodging        | |  2.6
Stealth        | |  0.8

Action                   |  1- 3 |  4- 6 || total
-------------------------+-------+-------++-------
Melee: Falchion          |    60 |    71 ||   131
       Headbutt          |     7 |    17 ||    24
Invok: Berserk           |     3 |     2 ||     5
       Trog's Hand       |       |     1 ||     1
Evoke: Wand              |       |     1 ||     1
  Use: Potion            |       |     2 ||     2
  Eat: Chunk             |     2 |     2 ||     4
       Bread ration      |     1 |       ||     1
Armor: Animal skin       |     5 |       ||     5
       Ring mail         |     8 |    10 ||    18
       Chain mail        |       |    33 ||    33
Dodge: Dodged            |    38 |    60 ||    98
       Rpst.: Falchion   |    10 |    15 ||    25
